 Dungeon Crawl Stone Soup version 0.27-a0-46-g34d46f0a3f (webtiles) character file.

Game seed: 2644653351529660212

43 Borgoz the Ruffian (level 3, -1/31 HPs)
             Began as a Ghoul Gladiator on Jan 6, 2021.
             Slain by an orc wizard
             ... wielding a +0 dagger
              (2 damage)
             ... on level 4 of the Dungeon.
             The game lasted 00:01:07 (878 turns).

Borgoz the Ruffian (Ghoul Gladiator)                 Turns: 878, Time: 00:01:08

Health: -1/31      AC:  4    Str: 18    XL:     3   Next: 58%
Magic:  2/2        EV: 12    Int:  3    God:
Gold:   12         SH:  0    Dex: 10    Spells: 2/2 levels left

rFire    . . .     SeeInvis .     - Unarmed
rCold    + . .     Faith    .   (no shield)
rNeg     + + +     Spirit   .   a - +0 leather armour
rPois    ∞         Reflect  .   b - +0 helmet
rElec    .         Harm     .   (no cloak)
rCorr    .         Rampage  .   (no gloves)
Will     .....                  (no boots)
Stlth    +.........             (no amulet)
HPRegen  0.00/turn              (no ring)
MPRegen  0.08/turn              (no ring)

@: brilliant, attractive, hasted, very quick
A: claws 1, cold resistance 1, negative energy resistance 3, inhibited
regeneration, torment resistance, unbreathing
a: no special abilities


You were on level 4 of the Dungeon.
You visited 1 branch of the dungeon, and saw 3 of its levels.

You collected 12 gold pieces.

Inventory:

Missiles
 c - 3 throwing nets (quivered)
Armour
 a - a +0 leather armour (worn)
 b - a +0 helmet (worn)
Scrolls
 d - 2 scrolls of identify
 f - a scroll of enchant weapon


   Skills:
 + Level 3.0 Fighting
 - Level 1.7 Throwing
 + Level 3.1 Dodging
 + Level 3.9 Unarmed Combat


You had 2 spell levels left.
You didn't know any spells.
Your spell library was empty.

Dungeon Overview and Level Annotations

Branches:
Dungeon (1/15)

Altars:


Innate Abilities, Weirdness & Mutations

You thrive by killing the living.
You are immune to poison.
You have sharp fingernails.
Your flesh is cold resistant. (rC+)
You are immune to negative energy. (rN+++)
You do not regenerate when monsters are visible.
You are immune to unholy pain and torment.
You can survive without breathing.


Message History

* * * LOW HITPOINT WARNING * * *
It was a potion of attraction.
You feel attractive to monsters. Something hits you but does no damage.
It was a potion of magic.
Magic courses through your body.
You closely miss something. Something hits you but does no damage.
You aren't carrying any potions.
As you read the scroll labelled BUZXOKAFU ISEMOTRO, it crumbles to dust.
It is a scroll of identify.
f - a scroll of enchant weapon Something hits you.
* * * LOW HITPOINT WARNING * * *
You miss something. You miss something.
You hear some strange, mumbled words.
Something tries to affect you, but you resist.
You closely miss something. You closely miss something.
Something hits you but does no damage.
You scratch something. Something hits you.
You die...

. ##. ... #.# ...
#.# #.# #@# # #{#
#. #o# #.#+##+#o#
#........#
#.#........#
#..........#
.......[.......#
#####............


You could see 2 orcs.

Vanquished Creatures
  2 dart slugs (D:1)
  3 leopard geckos
  2 orcs (D:4)
  3 goblins
  5 hobgoblins (D:1)
  3 jackals (D:1)
  A quokka (D:2)
  3 bats
  A frilled lizard (D:1)
  4 kobolds
  6 rats
33 creatures vanquished.

Notes
Turn   | Place    | Note
-------+----------+-------------------------------------------
     0 | D:1      | Borgoz the Ghoul Gladiator began the quest for the Orb.
     0 | D:1      | Reached XP level 1. HP: 17/17 MP: 0/0
   255 | D:1      | Reached XP level 2. HP: 25/25 MP: 1/1
   346 | D:1      | Reached XP level 3. HP: 14/30 MP: 2/2
   708 | D:1      | You fall into a shaft and drop 1 floor!
   840 | D:2      | You fall into a shaft and drop 2 floors!
   873 | D:4      | HP: 1/31 [something (1)]
   878 | D:4      | Slain by an orc wizard

Illustrated notes

Levels and vault maps discovered:
D:1:      dpeg_arrival_prison, layout_basic, minmay_three_crescents
D:2:      layout_basic
D:4:      layout_basic

Skill      XL: |  1  2  3 |
---------------+----------+-----
Dodging        | 3 |  3.1
Fighting       | 3 |  3.0
Throwing       | |  1.7
Unarmed Combat | |  3.9

Action                   || total
-------------------------++-------
Melee: Unarmed           ||    97
       Punch             ||     1
  Use: Potion            ||     4
       Scroll            ||     1
Armor: Leather armour    ||    29
Dodge: Dodged            ||    58

Table legend: (Time is in decaauts)
 A = Elapsed time spent in this place.
 B = Non-inter-level travel time spent in this place.
 C = Inter-level travel time spent in this place.
 D = Time resting spent in this place.
 E = Time spent auto-exploring this place.
 F = Levels seen in this place.
 G = Mean time per level.
                   A        B        C        D        E       F      G
               +--------+--------+--------+--------+--------+-----+--------+
         Total |    867 |    867 |      0 |    117 |    570 |   3 |  289.0 |
       Dungeon |    867 |    867 |      0 |    117 |    570 |   3 |  289.0 |
               +--------+--------+--------+--------+--------+-----+--------+

Top non-repeatable levels by time:
     D:1: 703 daAuts
     D:2: 130 daAuts
     D:4: 33 daAuts
